 Dungeon Crawl Stone Soup version 0.31.0-4-g52a2dc7128 (webtiles) character file.

Game seed: 14572563815550511322

3109 dorian the Basher (level 9, -16/98 HPs)
             Began as an Oni Gladiator on Jan 21, 2024.
             Demolished by an ogre
             ... wielding a +0 giant club
              (29 damage)
             ... on level 6 of the Dungeon.
             The game lasted 00:12:06 (6662 turns).

dorian the Basher (Oni Gladiator)                   Turns: 6662, Time: 00:12:07

Health: -16/98     AC:  3    Str: 24    XL:     9   Next: 91%
Magic:  9/9        EV: 10    Int:  9    God:
Gold:   1243       SH:  5    Dex: 10    Spells: 8/8 levels left

rFire   . . .        l - +0 morningstar (protect)
rCold   . . .        (no shield)
rNeg    + . .        C - +0 robe {Will+}
rPois   .            c - +0 hat
rElec   .            s - scarf {repulsion}
rCorr   .            (gloves unavailable)
SInv    +            (boots unavailable)
Will    +....        y - amulet of reflection
Stlth   +            w - ring of positive energy
HPRegen 0.36/turn    i - ring of see invisible
MPRegen 0.11/turn

%: repel missiles, reflection
@: about to teleport, slowed, very slow
A: large, unfitting armour, horns 1, tough skin 1, double potion healing,
drunken brawling
a: no special abilities


You were on level 6 of the Dungeon.
You visited 1 branch of the dungeon, and saw 6 of its levels.

You collected 1243 gold pieces.

Inventory:

Hand Weapons
 a - a +0 giant spiked club
 l - a +0 morningstar of protection (weapon)
 B - a +2 whip of freezing
 D - a +2 halberd of protection
Missiles
 e - 3 large rocks
 u - 3 throwing nets
 E - 2 boomerangs
 F - 4 poisoned darts (quivered)
Armour
 c - a +0 hat (worn)
 s - a scarf of repulsion (worn)
 z - a scarf of invisibility
 C - a +0 robe of willpower (worn)
Jewellery
 i - a ring of see invisible (right hand)
 w - a ring of positive energy (left hand)
 y - an amulet of reflection (around neck)
Wands
 v - a wand of charming (10)
Scrolls
 f - a scroll of fear
 g - a scroll of noise
 m - a scroll of silence
 r - 3 scrolls of identify
 A - a scroll of immolation {unknown}
Potions
 b - a potion of cancellation {unknown}
 d - a potion of attraction {unknown}
 h - 2 potions of haste
 j - a potion of degeneration
 k - 3 potions of brilliance
 n - a potion of resistance
 o - a potion of magic {unknown}
 p - a potion of enlightenment {unknown}
 q - 3 potions of curing
 x - a potion of ambrosia


   Skills:
 + Level 9.2 Fighting
 * Level 10.1 Maces & Flails
 + Level 7.0 Throwing
 - Level 2.6 Dodging


You had 8 spell levels left.
You didn't know any spells.
Your spell library contained the following spells:

 Spells                   Type           Power      Damage    Failure   Level
 Slow                     Hex            0%         N/A       38%         1
 Static Discharge         Conj/Air       0%         3-3/arc   52%         2
 Confusing Touch          Hex            0%         N/A       77%         3
 Dazzling Flash           Conj/Hex       0%         N/A       77%         3
 Sigil of Binding         Hex            0%         N/A       77%         3
 Vampiric Draining        Necr           0%         2d6       77%         3
 Volatile Blastmotes      Fire/Tloc      0%         2d10      77%         3
 Airstrike                Air            0%         2d(0-16)  99%         4
 Brom's Barrelling Bould  Conj/Erth      0%         2d3       99%         4
 Fulminant Prism          Conj/Alch      0%         3d5       99%         4
 Iskenderun's Mystic Bla  Conj/Tloc      0%         2d3       99%         4
 Summon Lightning Spire   Summ/Air       0%         N/A       99%         4
 Fireball                 Conj/Fire      0%         3d3       100%        5
 Iskenderun's Battlesphe  Conj           0%         2d6       100%        5
 Conjure Ball Lightning   Conj/Air       0%         3x3d6     100%        6
 Starburst                Conj/Fire      0%         6d3       100%        6
 Malign Gateway           Summ/Tloc      0%         N/A       100%        7
 Orb of Destruction       Conj           0%         9d5       100%        7
 Maxwell's Capacitive Co  Air            0%         ∞         100%        8
 Summon Horrible Things   Summ           0%         N/A       100%        8


Dungeon Overview and Level Annotations

Branches:
Dungeon (6/15) Zot: 24525  Temple (0/1) D:4

Altars:
Cheibriados
Gozag
Ru

Annotations:
D:5 2 transporters


Innate Abilities, Weirdness & Mutations

You are too large for most types of armour.
You have a pair of small horns on your head.
You have tough skin. (AC +1)
You gain doubled healing and magic from potions.
Whenever you drink a healing potion, you attack all around you.


Message History

You are poisoned.
You have difficulty breathing.
You feel yourself slow down.
The orc warrior hits you with a +0 trident!
You are too injured to fight recklessly!
You are too injured to fight recklessly!
Unknown command.
You hit the orc warrior but do no damage.
The orc warrior is almost dead.
You feel sick.
The orc warrior hits you but does no damage.
The kobold brigand closely misses you.
The orc warrior hits you with a +0 trident.
You puncture the orc warrior!
You kill the orc warrior!
You feel sick.
You are no longer poisoned.
The kobold brigand misses you.
Your Maces & Flails skill increases to level 10!
Your Throwing skill increases to level 7!
You bludgeon the kobold brigand!!
The kobold brigand is severely wounded.
You block the kobold brigand's attack.
An ogre comes into view. It is wielding a +0 giant club.
The kobold brigand hits you with a +0 short sword of electrocution.
You are electrocuted!!
You closely miss the kobold brigand.
The ogre shouts!
Your headbutt misses the kobold brigand.
The kobold brigand is severely wounded.
The kobold brigand closely misses you.
You bludgeon the kobold brigand!!
You kill the kobold brigand!
There is a large open door here.
The ogre attacks as it pursues you!
The ogre hits you with a +0 giant club!!
* * * LOW HITPOINT WARNING * * *
As you read the scroll of teleportation, it crumbles to dust.
You feel strangely unstable.
The ogre hits you with a +0 giant club!!
You die...

...~≈≈≈≈≈~~≈≈≈≈≈≈≈≈≈≈~....~~≈≈≈~≈
...~≈#####≈~~≈~~≈≈~~~~....~~~≈~~~
...~≈#...#.................[)....
...~≈#...#############''''#######
..P~≈###'#........ #....#
...~≈~.#......))# #....#
...~≈~.#........# #....#
...~≈≈.#'####''#######....#######
...≈≈†.# #.#...O@....#....#....KO
...~~~.# #.'........)'....'..8#
...~≈~.# #.#.........'....'..8#
P..~≈~.# #.#.........#8..8#......
...~≈~.#o########################
...≈≈###'#
..P~≈#.o.########################
...~≈#o..#.......................
...~≈#####~~~~~~~~~~~~~~~~~~~≈≈~~


You could see an ogre.

Vanquished Creatures
  Pikel (D:6)
  Prince Ribbit (D:6)
  A sky beast (D:6)
  3 orc warriors (D:6)
  3 ogres
  A wolf (D:6)
  A lemure (D:6)
  2 kobold brigands (D:6)
  A bullfrog (D:4)
  3 scorpions (D:6)
  10 howler monkeys
  An orc priest (D:6)
  3 bombardier beetles
  7 hounds
  4 jellies
  5 sleepcaps
  An iguana (D:5)
  7 orc wizards
  5 gnolls (D:6)
  8 adders
  A white imp (D:5)
  2 ufetubi (D:6)
  3 ribbon worms
  4 dart slugs
  20 orcs
  5 ball pythons
  8 endoplasms
  4 giant cockroaches
  9 goblins
  4 hobgoblins
  2 jackals (D:4)
  7 quokkas
  4 bats
  6 frilled lizards
  2 kobolds
  4 rats (D:1)
153 creatures vanquished.

Notes
Turn   | Place    | Note
-------+----------+-------------------------------------------
     0 | D:1      | dorian the Oni Gladiator began the quest for the Orb.
     0 | D:1      | Reached XP level 1. HP: 22/22 MP: 1/1
   193 | D:1      | Reached XP level 2. HP: 31/31 MP: 2/2
   529 | D:1      | Reached XP level 3. HP: 32/37 MP: 3/3
  1222 | D:2      | Found a faded altar of an unknown god.
  1415 | D:3      | Reached XP level 4. HP: 33/46 MP: 4/4
  1593 | D:3      | Reached skill level 4 in Maces & Flails
  1876 | D:3      | Reached XP level 5. HP: 47/54 MP: 5/5
  2776 | D:3      | Reached skill level 5 in Maces & Flails
  2776 | D:3      | Reached XP level 6. HP: 10/63 MP: 6/6
  3131 | D:4      | Found a sacrificial altar of Ru.
  3257 | D:4      | Found an opulent altar of Gozag.
  3312 | D:4      | Found a staircase to the Ecumenical Temple.
  3363 | D:4      | Reached skill level 5 in Fighting
  3562 | D:5      | Entered Level 5 of the Dungeon
  3565 | D:5      | Found a transporter.
  3566 | D:5      | Found a transporter.
  3620 | D:5      | Found a snail-covered altar of Cheibriados.
  3655 | D:5      | Reached XP level 7. HP: 72/72 MP: 7/7
  3686 | D:5      | Reached skill level 6 in Maces & Flails
  3824 | D:5      | Identified the +0 scale mail of the Dozen Tusks {Str+7
                  | Int-2 Slay+3}
  3829 | D:5      | Identified the +7 rapier of Thoughtfulness {heavy, Dex+2}
  4183 | D:5      | Identified a scroll of acquirement
  4183 | D:5      | Acquired 857 gold pieces
  4634 | D:6      | Reached XP level 8. HP: 81/83 MP: 8/8
  4672 | D:6      | Noticed Pikel
  4859 | D:6      | Reached skill level 7 in Maces & Flails
  4882 | D:6      | Killed Pikel
  4883 | D:6      | Reached skill level 5 in Throwing
  5213 | D:5      | Reached skill level 8 in Maces & Flails
  5647 | D:6      | Noticed Prince Ribbit
  5661 | D:6      | Killed Prince Ribbit
  5662 | D:6      | Reached XP level 9. HP: 72/96 MP: 9/9
  6176 | D:6      | Reached skill level 9 in Maces & Flails
  6656 | D:6      | Reached skill level 10 in Maces & Flails
  6662 | D:6      | Demolished by an ogre

Illustrated notes

Levels and vault maps discovered:
D:1:      sevenhm_arrival_forest_fort_large_2, layout_loops_ring
D:2:      layout_rooms, dreamdust_ecumenical_altar_grove
D:3:      layout_basic, serial_aquarium, aquarium_bridge_square
          [aquarium_subvault_wall, aquarium_subvault_balcony,
          aquarium_subvault_wall, aquarium_subvault_bridge],
          aquarium_window_corner, aquarium_window_corner, aquarium_view_2f,
          aquarium_view_2b, aquarium_balcony_1a, aquarium_pool_2
D:4:      layout_cave_pools, lemuel_doored_altar, mainiacjoe_overflow_catwalk,
          temple_statues, serial_column_ruins, column_ruins_pillar_1,
          column_ruins_pillar_1, column_ruins_pillar_9, column_ruins_pillar_3,
          column_ruins_pillar_4, column_ruins_pillar_4, column_ruins_pillar_3,
          column_ruins_pillar_5, column_ruins_pillar_3, column_ruins_pillar_7,
          column_ruins_pillar_9, column_ruins_pillar_1, column_ruins_pillar_1,
          column_ruins_pillar_3
D:5:      gammafunk_wand_slinger, layout_basic, kennysheep_little_box
D:6:      lemuel_castle_with_subvaults [lemuel_castle_interior_carwin_2],
          layout_layer_cave, nicolae_the_louvre, uniq_pikel, uniq_prince_ribbit1

Skill      XL: |  1  2  3  4  5  6  7  8  9 |
---------------+----------------------------+-----
Fighting       | 3 4 5 6 7 9 |  9.2
Maces & Flails | 4 5 6 8 10 | 10.1
Throwing       | 3 4 5 7 |  7.0
Dodging        | |  2.6

Action                     |  1- 3 |  4- 6 |  7- 9 || total
---------------------------+-------+-------+-------++-------
  Melee: Flail             |    88 |   143 |       ||   231
         Headbutt          |    11 |    25 |    42 ||    78
         Punch             |       |     1 |     4 ||     5
         Morningstar       |       |    40 |   220 ||   260
  Throw: Throwing net      |       |     3 |       ||     3
         Dart              |       |     4 |    51 ||    55
    Use: Scroll            |     5 |     6 |     5 ||    16
 Armour: Robe              |    64 |   144 |   177 ||   385
  Dodge: Dodged            |    46 |    98 |   126 ||   270
         Repelled          |       |     3 |     1 ||     4
  Block: Other             |       |     5 |    60 ||    65
         Reflection        |       |       |     1 ||     1
